Cogmind - Beta 16 --- EXPLORER MODE // 2026.01.23 @ 16:46:59 Player: K.K.Y. Result: Destroyed by Y-54 Guardian with Gatling Laser Performance ------------- Evolutions (0) 0 Regions Visited (4) 800 Robots Destroyed (57) 285 Value Destroyed (1330) 1330 Prototype IDs (12) 240 Alien Tech Used (0) 0 Bonus (1764) 1764 TOTAL SCORE: 4419 Bonus ------- Delivered SUBCON Basin 2000 Friendly Fire -236 Cogmind --------- Core Integrity 0/250 Matter 300/300 Energy 177/210 System Corruption 0% Temperature Cool (19) Movement Treading (165) Location -7/Recycling Parts ------- > --- POWER (1+1) ------ Light Nuclear Core (+) Micro Nuclear Core > --- PROPULSION (2) --- Armored Treads Medium Treads > --- UTILITY (3) ------ Cooling System Large Storage Unit Advanced Targeting Computer > --- WEAPON (2) ------- Powered Cannon > --- INVENTORY (15) --- Improved Heat Sink High-capacity Storage Unit Improved Signal Interpreter Hardened Medium Armor Plating Improved Light Armor Plating Makeshift System Shield Authchip [Propulsion] Authchip [Processor] Authchip [Weapon] Component Analysis Suite Tech Extrapolator Lightning Gun Battle Cannon Multitool Makeshift Spear Peak State ------------ > --- POWER ------------ Light Nuclear Core > --- PROPULSION ------- Light Treads > --- UTILITY ---------- Improved Heat Sink Improved Heat Sink High-capacity Storage Unit > --- WEAPON ----------- Powered Cannon > --- INVENTORY -------- Large Storage Unit Makeshift System Shield Battle Cannon Multitool Makeshift Spear SUBCON Basin [Rating: 44] Favorites ----------- Power Ion Engine Engine Ion Engine Power Core Light Nuclear Core Propulsion Light Treads Treads Light Treads Utility Large Storage Unit Device Sensor Array Storage Large Storage Unit Processor Advanced Targeting Computer Protection Improved Light Armor Plating Weapon Medium Laser Energy Gun Medium Laser Energy Cannon Powered Cannon Ballistic Gun Subdweller Machine Gun Special Weapon Mining Laser Build | -11 -10 -10 -10 -7 ------- Run | Yrd Mat Min Sub Rec Slots Evolved 1 | . 1 . . . Power . | . . . . . Propulsion . | . . . . . Utility 1 | . 1 . . . Weapon . | . . . . . Parts Attached 36 | 7 7 4 12 6 Power 6 | 1 1 1 1 2 Engine 3 | 1 1 1 . . Core 3 | . . . 1 2 Reactor . | . . . . . Propulsion 7 | 2 . 2 1 2 Treads 7 | 2 . 2 1 2 Leg . | . . . . . Wheel . | . . . . . Hover . | . . . . . Flight . | . . . . . Utility 14 | 2 4 1 5 2 Device 8 | 1 2 1 3 1 Storage 4 | 1 2 . 1 . Processor 1 | . . . . 1 Hackware . | . . . . . Protection 1 | . . . 1 . Artifact . | . . . . . Weapon 9 | 2 2 . 5 . Energy Gun 6 | 2 1 . 3 . Energy Cannon 1 | . . . 1 . Ballistic Gun 1 | . . . 1 . Ballistic Cannon . | . . . . . Launcher . | . . . . . Special Weapon 1 | . 1 . . . Impact Weapon . | . . . . . Slashing Weapon . | . . . . . Piercing Weapon . | . . . . . Special Melee Weapon . | . . . . . Unidentified Prototypes . | . . . . . Parts Lost 9 | . . . 9 . Power 1 | . . . 1 . Propulsion 1 | . . . 1 . Utility 4 | . . . 4 . Weapon 3 | . . . 3 . Highest Loss Streak 4 | . . . 4 . To Critical Strikes . | . . . . . Average Backups 7 | 1 3 6 9 9 Power . | . . . . . Propulsion . | . . . . . Utility 4 | . 2 4 5 5 Weapon 2 | . . 1 2 2 Tool/Special . | . . . . . Unused Backups 19 | . . . 6 13 Power . | . . . . . Propulsion . | . . . . . Utility 10 | . . . 1 9 Weapon 8 | . . . 5 3 Tool/Special 1 | . . . . 1 Average Slot Usage (%) 78 | . 76 100 75 67 Engine 6 | . 11 12 4 . Core 4 | . . . 6 11 Treads 19 | . 23 25 17 12 Device 12 | . 8 25 10 15 Storage 11 | . 12 12 11 11 Protection 2 | . . . 4 . Energy Gun 13 | . 15 25 11 . Energy Cannon 3 | . . . 4 11 Special Weapon 1 | . 3 . . . Peak Build Rating 44 | 7 8 12 44 44 Average Rating 17 | 4 6 9 22 33 On Entrance 14 | . 7 8 12 44 Avg Prop Armor Cover (%) . | . . . . . Naked Turns . | . . . . . Heaviest Build 57 | 20 30 30 56 57 Greatest Support 48 | 40 40 42 42 48 Greatest Overweight (x) 9 | 2 9 . 2 2 Average Overweight (x) . | . . . . 1 Largest Inventory Capacity 20 | 10 15 15 20 20 Average Capacity 15 | 7 13 15 15 16 Most Carried 20 | 5 7 11 20 20 Average Carried 9 | 1 3 6 11 13 Final Capacity 20 | 10 15 15 20 15 Final Carried 20 | 2 5 10 20 15 Class Distribution -------------------- 100% | Hacker-Mutant Dominant Class ---------------- Hacker-Mutant | -10/Materials Hacker-Mutant | -10/Mines Hacker-Mutant | -10/Subcaves Hacker-Mutant | -7/Recycling Resources | -11 -10 -10 -10 -7 ----------- Run | Yrd Mat Min Sub Rec Matter Collected 661 | 270 130 50 141 70 Remotely . | . . . . . Salvage Created 2133 | 106 1073 421 471 62 Parts 104 | 4 54 16 26 4 Haulers Intercepted 1 | . 1 . . . Recyclers Shooed 8 | . 3 5 . . Parts Field Recycled . | . . . . . Retrieved Matter . | . . . . . Parts Self-Destructed . | . . . . . Prevented . | . . . . . Parts Restored . | . . . . . Kills | -11 -10 -10 -10 -7 ------- Run | Yrd Mat Min Sub Rec Combat Hostiles Destroyed 37 | . 19 4 13 1 Guns 30 | . 16 4 10 . Cannons 4 | . 1 . 2 1 AOE 1 | . . . 1 . Classes Destroyed 12 | 2 5 1 4 . Worker 2 | . . 2 . . Builder 3 | . 3 . . . Tunneler 2 | 1 . 1 . . Hauler 1 | . 1 . . . Recycler 8 | 1 4 3 . . Turret 2 | . . . 2 . Watcher 2 | . 2 . . . Swarmer 9 | . 5 . 4 . Grunt 18 | . 14 4 . . Sentry 2 | . . . 1 1 Artisan 1 | . . . 1 . Subdweller 8 | . . . 8 . Best Kill Streak 5 | 2 5 2 5 1 Combat Bots Only 3 | . 3 1 3 1 Max Kills in Single Turn 2 | 1 2 1 1 1 Gunslinging 1 | . 1 . . . Exploded 1 | . . . 1 . Melee . | . . . . . Uniques/NPCs Destroyed . | . . . . . Combat | -11 -10 -10 -10 -7 -------- Run | Yrd Mat Min Sub Rec Hostile Shots Fired 211 | . 77 14 108 12 Missed 47 | . 17 3 23 4 Hits 164 | . 60 11 85 8 Projectile 164 | . 60 11 85 8 Critical Strikes 1 | . . . 1 . Damage Taken 1495 | . 396 86 972 41 Core 254 | . 64 16 151 23 Absorbed by Shields . | . . . . . Ignored by Resistances 909 | . 262 55 563 29 Core Remaining (%) 100 | 100 . . . . Volleys Fired 248 | 3 102 40 100 3 Largest 2 | 2 2 2 2 1 Hottest 150 | 90 150 90 150 40 Shots Fired 420 | 6 149 80 182 3 Gun 373 | 6 139 80 148 . Cannon 16 | . . . 13 3 Launcher . | . . . . . Special 31 | . 10 . 21 . Kinetic 13 | . . . 13 . Thermal 368 | 6 149 80 130 3 Explosive . | . . . . . Electromagnetic 39 | . . . 39 . Robot Hit Streak 43 | 4 24 29 43 4 Robot Miss Streak 2 | . 2 2 1 . Penetration Max . | . . . . . Secondary Targets 4 | . 4 . . . Max Gunslinging Chain 1 | . 1 . . . Shots Hit Robots 286 | 4 113 65 101 3 Core Hits 106 | 3 48 23 31 1 Critical Kills . | . . . . . Critical Parts Destroyed . | . . . . . Critical Strikes 15 | . 10 3 2 . Burn 15 | . 10 3 2 . Melee Attacks . | . . . . . Impact . | . . . . . Slashing . | . . . . . Piercing . | . . . . . Sneak Attacks . | . . . . . Combat Hostiles . | . . . . . Follow-up Attacks . | . . . . . Damage Inflicted 3895 | 51 1374 770 1557 143 Guns 3403 | 51 1326 770 1256 . Cannons 143 | . . . . 143 Explosions 61 | . . . 61 . Melee . | . . . . . Ramming . | . . . . . Kinetic . | . . . . . Thermal 3442 | 51 1374 770 1104 143 Explosive . | . . . . . Electromagnetic 453 | . . . 453 . Impact . | . . . . . Slashing . | . . . . . Piercing . | . . . . . Highest Corruption . | . . . . . Average Corruption . | . . . . . Corruption Purged . | . . . . . Corruption Blocked . | . . . . . Overload Shots . | . . . . . Overflow Damage . | . . . . . Projectiles . | . . . . . Explosions . | . . . . . Melee . | . . . . . Knockbacks . | . . . . . Impact . | . . . . . Kinetic . | . . . . . Secondary . | . . . . . Self-Inflicted Damage 24 | . . . 24 . Shots 1 | . . . 1 . Rammed . | . . . . . Targets Rammed . | . . . . . Kicked . | . . . . . Crushed . | . . . . . Highest Temperature 250 | 60 250 240 139 7 Average Temperature 61 | 26 66 59 42 7 Received Heat Transfer 573 | . 255 78 210 30 Siege Activations . | . . . . . Martial Activations . | . . . . . Shielding Activations . | . . . . . Robots Disrupted . | . . . . . Combat Hostiles . | . . . . . Robots Corrupted . | . . . . . Combat Hostiles . | . . . . . Parts Fried 4 | . . . 4 . Impact Corruptions . | . . . . . Robots Melted 2 | . 2 . . . Combat Hostiles 2 | . 2 . . . Parts Melted 11 | 2 4 4 1 . Heat Transferred 9556 | 136 4587 2279 2554 . Parts Sabotaged . | . . . . . Parts Stolen . | . . . . . Parts Stripped . | . . . . . Power Chain Reactions 1 | . . . 1 . Alert | -11 -10 -10 -10 -7 ------- Run | Yrd Mat Min Sub Rec Maximum Alert Level . | . . . . . Low Security (%) 100 | 100 100 100 . 100 Level 1 . | . . . . . Level 2 . | . . . . . Level 3 . | . . . . . Level 4 . | . . . . . Level 5 . | . . . . . High Security . | . . . . . Max Security . | . . . . . Peak Influence 78 | 5 78 35 . 20 Initial . | . . . . . Average 5 | 1 11 1 . . Influence Increases 1134 | 10 558 135 395 36 Destroy 0b10 Robot/C 620 | . 380 80 140 20 Destroy 0b10 Robot/NC 90 | 10 50 30 . . Destroy Leader 96 | . 86 10 . . Successful Hack 51 | . 35 . . 16 Disable Machine 4 | . 4 . . . Destroy Structure 3 | . 3 . . . Lose Combat Pursuer 270 | . . 15 255 . Influence Decreases 1134 | 10 558 135 395 36 Time Decay 1109 | 10 558 135 370 36 Lost Part 25 | . . . 25 . Squads Dispatched 6 | . 5 1 . . Investigation 6 | . 5 1 . . Extermination . | . . . . . Reinforcement . | . . . . . Assault . | . . . . . Garrison . | . . . . . Intercept . | . . . . . Searches Triggered . | . . . . . Construction Impeded . | . . . . . Haulers Reinforced . | . . . . . Active Scanning Responses . | . . . . . Cargo Convoy Interrupts . | . . . . . Stealth | -11 -10 -10 -10 -7 --------- Run | Yrd Mat Min Sub Rec Distress Signals 1 | . 1 . . . Communications Jammed . | . . . . . Distress Signals . | . . . . . Times Spotted 58 | . 27 5 24 2 Peak Tracking Total 4 | . 4 2 3 1 Tactical Retreats 5 | . . 1 4 . Traps | -11 -10 -10 -10 -7 ------- Run | Yrd Mat Min Sub Rec Traps Triggered 8 | . 7 . 1 . Indirectly . | . . . . . Trap Hack Attempts . | . . . . . Triggered . | . . . . . Disarmed . | . . . . . Reprogrammed . | . . . . . Reused . | . . . . . Traps Extracted . | . . . . . Installed . | . . . . . Triggered . | . . . . . Machines | -11 -10 -10 -10 -7 ---------- Run | Yrd Mat Min Sub Rec Machines Disabled 4 | . 1 . 3 . Max in Single Turn 1 | . 1 . 1 . Machines Repaired . | . . . . . Machines Dismantled . | . . . . . Machines Sabotaged . | . . . . . Overloaded Fab Kills . | . . . . . Hacking | -11 -10 -10 -10 -7 --------- Run | Yrd Mat Min Sub Rec Machines Accessed 18 | . 10 1 3 4 Terminals 12 | . 8 . . 4 Fabricators . | . . . . . Repair Stations . | . . . . . Recycling Units 2 | . 2 . . . Scanalyzers . | . . . . . Garrison Access . | . . . . . Total Hacks 50 | . 35 1 4 10 Successful 23 | . 12 1 4 6 Failed 27 | . 23 . . 4 Catastrophic 2 | . 2 . . . Database Lockouts . | . . . . . Manual 39 | . 31 . . 8 Terminals 41 | . 31 . . 10 Fabricators . | . . . . . Repair Stations . | . . . . . Recycling Units 4 | . 4 . . . Scanalyzers . | . . . . . Garrison Access . | . . . . . Terminal Hacks 20 | . 12 1 4 3 Record 1 | . . . 1 . Part Schematic 9 | . 8 . . 1 Robot Schematic 3 | . 3 . . . Robot Analysis 2 | . . . . 2 Open Door 2 | . . 1 1 . Locate Traps 1 | . 1 . . . Proto ID Catalog 1 | . . . 1 . Release Object 1 | . . . 1 . Fabricator Hacks . | . . . . . Repair Station Hacks . | . . . . . Recycling Unit Hacks . | . . . . . Scanalyzer . | . . . . . Garrison Access Hacks . | . . . . . Unauthorized Hacks 3 | . . . . 3 Terminals 3 | . . . . 3 Botnet 3 | . . . . 3 Fabricators . | . . . . . Repair Stations . | . . . . . Recycling Units . | . . . . . Scanalyzers . | . . . . . Garrison Access . | . . . . . Data Cores Recovered . | . . . . . Used . | . . . . . Hacking Detections 13 | . 10 . . 3 Full Trace Events 12 | . 10 . . 2 Feedback Events . | . . . . . Feedback Blocked . | . . . . . Robot Schematics Acquired 3 | . 3 . . . Robots Built . | . . . . . Authchips . | . . . . . Time . | . . . . . Total Robot Build Rating . | . . . . . Part Schematics Acquired 6 | . 5 . . 1 Parts Built . | . . . . . Authchips . | . . . . . Time . | . . . . . Total Part Build Rating . | . . . . . Part Studies Acquired . | . . . . . Parts Repaired . | . . . . . Time . | . . . . . Parts Recycled . | . . . . . Recycled Matter . | . . . . . Retrieved Matter . | . . . . . Retrieved Components . | . . . . . Parts Scanalyzed . | . . . . . Part Schematics Acquired . | . . . . . Parts Damaged . | . . . . . Bothacking | -11 -10 -10 -10 -7 ------------ Run | Yrd Mat Min Sub Rec Used RIF Installer . | . . . . . Robots Hacked . | . . . . . Non-combat . | . . . . . Combat . | . . . . . Robot Hacks Applied . | . . . . . Relay Couplers Released . | . . . . . Fabnet Peak Effective % . | . . . . . Robots Rewired . | . . . . . Allies Hacked . | . . . . . Hacks Repelled . | . . . . . Allies | -11 -10 -10 -10 -7 -------- Run | Yrd Mat Min Sub Rec Total Allies . | . . . . . Largest Group . | . . . . . Highest-Rated Group . | . . . . . Highest-Rated Ally . | . . . . . Total Orders . | . . . . . Ally Attacks . | . . . . . Total Damage . | . . . . . Kills . | . . . . . Allies Corrupted . | . . . . . Allies Melted . | . . . . . Intel | -11 -10 -10 -10 -7 ------- Run | Yrd Mat Min Sub Rec Active Infowar (turns) 4369 | 88 1306 1247 1728 . Sensors 2190 | . 738 1247 205 . Terrain 1458 | . . . 1458 . Structural 1604 | . 87 1247 270 . ECM 656 | 88 568 . . . Robot Analysis Total 2 | . . . . 2 Derelict Logs Recovered 1 | . . . 1 . Drone Launches . | . . . . . Drone Recoveries . | . . . . . Exploration | -11 -10 -10 -10 -7 ------------- Run | Yrd Mat Min Sub Rec Turns Passed 7952 | 93 1945 1247 3602 1065 Spaces Moved 3302 | 52 882 679 1276 413 Core 55 | 26 29 . . . Treads 3247 | 26 853 679 1276 413 Legs . | . . . . . Wheels . | . . . . . Hover . | . . . . . Flight . | . . . . . Fastest Speed 50 | 50 160 152 152 165 Average Speed 190 | 133 166 156 207 247 Slowest Speed 500 | 160 500 160 320 320 Overloaded Moves . | . . . . . Propulsion Burnouts . | . . . . . Robots Hopped . | . . . . . Potential Cave-ins . | . . . . . Cave-ins Triggered . | . . . . . Exploration Rate (%) 63 | 4 99 95 53 67 Regions Visited 4 Branch Regions 3 Pre-discovered Areas 1 | . . . 1 . Known Exits Taken 4 | 1 1 1 1 . Unknown Exits Taken . | . . . . . Scrap Searched 6 | . . 1 5 . Spaces Dug 7 | . 1 . 6 . Terrain Destroyed 11 | . 2 . 9 . Melee . | . . . . . Projectile 8 | . 2 . 6 . AOE 3 | . . . 3 . Terrain Rammed . | . . . . . Walls Destroyed . | . . . . . Machines Disabled . | . . . . . Actions | -11 -10 -10 -10 -7 --------- Run | Yrd Mat Min Sub Rec Total 4505 | 70 1188 781 2010 456 Wait 825 | . 172 46 593 14 Move 3298 | 51 881 678 1275 413 Hop . | . . . . . Pick Up 63 | 9 16 9 15 14 Fast Attach . | . . . . . Attach 29 | 7 10 . 9 3 Detach 3 | . . . 2 1 Swap 16 | . 4 4 4 4 Drop 23 | . 3 4 12 4 Fire 248 | 3 102 40 100 3 Melee . | . . . . . Ram . | . . . . . Kick . | . . . . . Crush . | . . . . . Escape Stasis . | . . . . . Rewire . | . . . . . Trap . | . . . . . Miscellaneous . | . . . . . Route ------- -11/Scrapyard -10/Materials (discovered 5 exits: *Mat x3 / *Min x2) -10/Mines (discovered 4 exits: *Mat x2 / *Exi / *Sub) -10/Subcaves (discovered 3 exits: *Mat x2 / *Rec) -7/Recycling History --------- Turn | Location | Event 3 | -11/Scrapyard | Identified exit to Materials 3 | -11/Scrapyard | Discovered exit to Materials (range 15) 94 | -11/Scrapyard | Entered Materials 94 | -10/Materials | Evolved 1 slot: Utility x1 304 | -10/Materials | Build established: Hacker-Mutant 369 | -10/Materials | Identified exit to Mines 369 | -10/Materials | Discovered exit to Mines (range 13) 551 | -10/Materials | Discovered exit to Mines (range 11) 927 | -10/Materials | Identified exit to Materials 927 | -10/Materials | Discovered exit to Materials (range 10) 1132 | -10/Materials | Discovered exit to Materials (range 10) 1637 | -10/Materials | Discovered exit to Materials (range 13) 2039 | -10/Materials | Entered Mines 2227 | -10/Mines | Discovered exit to Materials (range 5) 2306 | -10/Mines | Met a Derelict shopkeep closing up shop 2554 | -10/Mines | Deemed a non-threat by the Exiles lab entrance 2554 | -10/Mines | Identified exit to Exiles 2554 | -10/Mines | Discovered exit to Exiles (range 5) 2601 | -10/Mines | Received a Rocket Launcher from a helpful Derelict 3059 | -10/Mines | Discovered exit to Materials (range 9) 3280 | -10/Mines | Identified exit to Subcaves 3280 | -10/Mines | Discovered exit to Subcaves (range 5) 3286 | -10/Mines | Entered Subcaves 3287 | -10/Subcaves | Approached by a straggling Scientist 3366 | -10/Subcaves | Identified exit to Materials 3366 | -10/Subcaves | Discovered exit to Materials (range 8) 3426 | -10/Subcaves | Discovered exit to Materials (range 13) 3739 | -10/Subcaves | Core integrity fell below 50% 4286 | -10/Subcaves | Learned location of Storage (-7) 4328 | -10/Subcaves | Ambushed by angry Subdweller bent on revenge 4588 | -10/Subcaves | Identified exit to Recycling 4588 | -10/Subcaves | Discovered exit to Recycling (range 10) 4746 | -10/Subcaves | Shifting Twisted Machinery released Mak. System Shield 4817 | -10/Subcaves | Disturbed a concealed Subdweller 5040 | -10/Subcaves | Core integrity fell below 20% 5074 | -10/Subcaves | Lost 4 parts (1n2u1w) 5216 | -10/Subcaves | Visited 4L-MR0's lab 5248 | -10/Subcaves | Found Powered Cannon 5251 | -10/Subcaves | Attached Powered Cannon, gained temporary slot: Power 5347 | -10/Subcaves | Shifting Twisted Machinery released Riot Gun 5356 | -10/Subcaves | Shifting Twisted Machinery released Battle Cannon 6263 | -10/Subcaves | Found SUBCON Basin 6888 | -10/Subcaves | Entered Recycling 7161 | -7/Recycling | Scanned before Scraplab entrance 7209 | -7/Recycling | Entered Scraplab 7953 | -7/Recycling | Destroyed by Y-54 Guardian with Gatling Laser Last Messages --------------- attacked. >>Trojan(Botnet) Trojan loaded successfully. Testing... Terminal linked with 2 systems. Awaiting botnet instructions. 07803_ Acquired Med. Treads. 07809_ Acquired Arm. Treads. 07812_ Dropped Lgt. Treads. 07814_ Acquired Mic. Nuclear Core. 07815_ Acquired 20 matter. 07816_ R-06 Scavenger collects Lgt. Treads. 07819_ Acquired Lgt. Nuclear Core. 07864_ Acquired 10 matter. 07865_ Dropped Lgt. Nuclear Core. 07867_ Acquired Component Analysis Suite. 07873_ R-06 Scavenger collects Lgt. Nuclear Core. 07886_ Acquired Imp. Signal Interpreter. 07953_ Y-54 Guardian springs to life. Map ----- +----------------------------------------------------+ | ???????????????????# #?# #? | | ???????????????????# #?# #? | | ???????????????????#! = #?# #? | | ???????????????????# %#?# #? | | ??????????##############+#########+#####? | | ????????? #? | | ????????? #? | | ????????? #? | | ??????????###### #####+############# #? | | ???????????????# ## #?????# ## | | ???????????????# ## #?????# % | | ???????????????# ## """ #?????# ## | | ???????????????# ## """ #?????### #? | | ???????????????# ## """ #???????# #? | | ???????????????# ## """ #?####### ## | | ???????????????# ## """ #?# | | ???????????????# r+ #?# | | ???????????????# ## #?# | | ???????????????# ###########?######+### | | ???????????????# #????????????# | | ???????????????# #????????????# | | ???????????????# #????????????# | | ???????????????# #????????????# | | ???????????????# #????????????# | | ???????????????# #????????????# | | ???????????????#@ #????????????# | | ??????????????#Y +????????????# | | ??????????????## #????????????##### ### | | ???????????????# #????????????????##??? | | ???????????????# #????????????????????? | | ???????????????# #????????????????????? | | ???????????????# #????????????????????? | | ???????????????# #????????????????????? | | ???????????????+ #????????????????????? | | ???????????????? #????????????????##### | | ???????????????? #????????????????#! | | ????????????????r #????????????????#!! | | ???????????????? #????????????????#! | | ????????????????#+##????????????????# | | ????????????????????????????????????#+### | | ????????????????????????????????????????? | | ????????????????????????????????????????# | | ????????????????????????????????????????# | | ????????????????????????????????????????# | | ????????????????????????????????????????# | | ????????????????????????????????????????# | | ????????????????????????????????????????? | | ????????????????????????????????????# ### | | ????????????????????????????????????+ | | ????????????????????????????????????# ### | +----------------------------------------------------+ Best States ------------- Heat Dissipation 61 Energy Generation 24 Energy Capacity 250 Matter Stores 300 Matter Capacity 300 Sight Range 16 Robot Scan Range 14 Terrain Scan Range 16 Terrain Scan Density 10 ECM Strength 1 Armor Coverage 150 Resistance: KI 35 Resistance: TH 35 Resistance: EX 35 Resistance: EM 35 Resistance: I 35 Resistance: S 35 Resistance: P 35 Evasion (%) 50 Targeting Accuracy 8 Recoil Reduction 2 Offensive Hacking 20 Authchip Count 3 Item Schematics ----------------- Structural Scanner | -10/Materials | Hacked Med. Storage Unit | -10/Materials | Hacked Sml. Storage Unit | -10/Materials | Hacked Lgt. Treads | -10/Materials | Hacked Lrg. Storage Unit | -10/Materials | Hacked Huge Storage Unit | -7/Recycling | Hacked Robot Schematics ------------------ G-34 Mercenary | -10/Materials | Hacked S-10 Pest | -10/Materials | Hacked W-16 Scout | -10/Materials | Hacked Fabricated ------------ Nothing Repaired ---------- Nothing Studied --------- None Alien Tech Used ----------------- None Achievements -------------- None Challenges ------------ None Game ------ Seed RingWeaponReplica Manual? 0 Play Time 00:24:47 Cumulative 308.6 hours Start 2026.01.23 @ 16:22:24 End 2026.01.23 @ 16:46:59 Sessions 1 Manual Loads 0 Difficulty Explorer Special Mode None Game No. 479 Rogue 0 Adventurer 0 Explorer 479 Win Type - Total 0 Types 0/0/0/0/0/0/0/0/0/0 Lore% 76 Gallery% 70 Achievement% 56 Wizard Run 0 Options --------- Layout 1 ASCII 0 Keyboard 0 Movement Mouse Keybinds 1 Fullscreen 1 Font 24/Smallcaps Map View 50x35 Zoom Use 0% Tactical HUD 1 Map Filters NONE Filters NONE Steam 1 RUN: 7e32338f-943e-4978-8393-f94af6b30374